 Dungeon Crawl Stone Soup version 0.21.1-1-g345015f (webtiles) character file.

69 MajorAdolf the Insei (level 4, -5/28 HPs)
             Began as an Octopode Transmuter on Mar 31, 2018.
             Killed from afar by Terence (10 damage)
             ... with a wand of flame (11)
             ... on level 2 of the Dungeon.
             The game lasted 00:05:13 (1304 turns).

MajorAdolf the Insei (Octopode Transmuter)          Turns: 1304, Time: 00:05:15

Health: -5/28      AC:  2    Str: 15    XL:     4   Next: 20%
Magic:  2/7        EV: 20    Int: 15    God:
Gold:   86         SH:  0    Dex: 18    Spells: 1/7 levels left

rFire    . . .     SeeInvis .     - Unarmed
rCold    . . .     Gourm    .   (shield currently unavailable)
rNeg     . . .     Faith    .   (helmet currently unavailable)
rPois    x         Spirit   .   (no amulet)
rElec    .         Reflect  .   d - +6 ring of strength
rCorr    .         Harm     .   (no ring)
MR       .....                  (no ring)
Stlth    ++........             (no ring)
HPRegen  0.09/turn              (no ring)
MPRegen  0.10/turn              (no ring)
                                (no ring)
                                (no ring)

@: spider-form (expiring), very slightly contaminated
A: tiny, almost no armour, stealthy swim, (amphibious), 8 rings, (constrict 8)
a: End Transformation


You were on level 2 of the Dungeon.
You were hungry.
You were a venomous arachnid creature.
You visited 1 branch of the dungeon, and saw 2 of its levels.

You collected 86 gold pieces.

Inventory:

Missiles
 a - 53 arrows
Jewellery
 d - a +6 ring of strength (left front leg)
Scrolls
 e - a scroll of enchant weapon
Potions
 h - a potion of cancellation
 k - a potion of magic {unknown}
Books
 b - a book of Changes

   Spells                             Type                      Level
   a - Beastly Appendage              Transmutation                1
   b - Sticks to Snakes               Transmutation                2
   c - Spider Form                    Transmutation/Poison         3
   d - Ice Form                       Ice/Transmutation            4
   e - Blade Hands                    Transmutation                5
Comestibles
 c - 2 rations


   Skills:
 - Level 1.0 Fighting
 - Level 2.0 Dodging
 - Level 1.1 Stealth
 - Level 3.3 Unarmed Combat
 - Level 2.0 Spellcasting
 - Level 3.0 Transmutations
 + Level 2.5 Poison Magic


You had one spell level left.
You knew the following spells:

 Your Spells              Type           Power        Failure   Level  Hunger
a - Beastly Appendage     Tmut           ##....       17%         1    #......
b - Sticks to Snakes      Tmut           ##......     24%         2    ###....
c - Spider Form           Tmut/Pois      #.........   43%         3    ###....


Dungeon Overview and Level Annotations

Branches:
Dungeon (2/15)

Altars:
Gozag
Nemelex Xobeh

Annotations:
D:2 Terence


Innate Abilities, Weirdness & Mutations

You cannot wear most types of armour.
You are very stealthy in the water. (Stealth+)
((You are amphibious.))
You can wear up to eight rings at the same time.
((You can use your tentacles to constrict eight enemies at once.))
((Your skin changes colour to match your surroundings (Stealth+).))
((Your rubbery body absorbs attacks. (AC +1, EV +1)))


Message History

Terence completely misses you.
Found a ration.
You hit Terence.
Terence is poisoned.
Terence is lightly wounded.
Terence zaps a wand.
The puff of flame hits you!
It is a wand of flame (13).
You hit Terence.
Terence looks as sick as possible!
Terence is moderately wounded.
Terence zaps a wand.
The puff of flame hits you!
You hit Terence.
Terence looks as sick as possible!
Terence is heavily wounded.
Your transformation is almost over.
You hit Terence.
Terence looks as sick as possible!
Terence is severely wounded.
Terence zaps a wand.
The puff of flame hits you!
* * * LOW HITPOINT WARNING * * *
You barely miss Terence.
Terence is severely wounded.
Terence drinks a potion.
Terence is healed!
Terence looks more healthy.
Terence zaps a wand.
The puff of flame hits you!
You die...

##.#.....)........#...#...#..#.#
#.....#.#....#############..#.#
###...#.#....# #.....)#.#
###.....#### #........#
#####.#### #.....#### #....#
####.###### ####.# #.[.)...
#.#### ****########
#...s#####...,,,,,,#.
###...@..!.#******,#.
#.........%,,*,,,#.
#.#####.#..,,,,**#.
#.#,,,,,#,,,*,,,...
#.#,**,,*,***,,,##.
#.#,**,,,,**,,,,*##
#..<,,,******,*** # ##****** *,*


You could see Terence.

Vanquished Creatures
  An adder (D:2)
  4 dart slugs
  4 orcs (D:2)
  6 bats
  A giant cockroach (D:2)
  4 goblins
  7 hobgoblins
  6 jackals
  A kobold (D:2)
  A ball python (D:1)
  3 frilled lizards
  7 rats
45 creatures vanquished.

Notes
Turn   | Place    | Note
-------+----------+-------------------------------------------
     0 | D:1      | MajorAdolf the Octopode Transmuter began the quest for the Orb.
     0 | D:1      | Reached XP level 1. HP: 13/13 MP: 3/3
   143 | D:1      | Reached XP level 2. HP: 18/18 MP: 3/5
   147 | D:1      | Learned a level 2 spell: Sticks to Snakes
   446 | D:1      | Reached XP level 3. HP: 14/23 MP: 4/6
   735 | D:1      | Reached skill level 1 in Stealth
   748 | D:1      | Learned a level 3 spell: Spider Form
  1014 | D:2      | Reached skill level 1 in Poison Magic
  1074 | D:2      | Found an opulent altar of Gozag.
  1074 | D:2      | Found a sparkling altar of Nemelex Xobeh.
  1130 | D:2      | Reached XP level 4. HP: 28/28 MP: 1/7
  1294 | D:2      | Noticed Terence
  1304 | D:2      | Killed from afar by Terence

Skill      XL: |  1  2  3 |
---------------+----------+-----
Stealth        | 1 |  1.1
Transmutations | 3 |  3.0
Poison Magic   | 2 |  2.5
Fighting       | |  1.0
Dodging        | |  2.0
Unarmed Combat | |  3.3
Spellcasting   | |  2.0

Action                   |  1- 3 |  4- 6 || total
-------------------------+-------+-------++-------
Melee: Unarmed           |    71 |    28 ||    99
       Constrict         |    17 |     4 ||    21
       Kick              |    12 |     3 ||    15
       Tentacles         |     4 |     1 ||     5
       Punch             |     1 |       ||     1
 Cast: Beastly Appendage |    16 |     2 ||    18
       Spider Form       |     5 |     2 ||     7
  Use: Scroll            |     6 |       ||     6
 Stab: Sleeping          |     5 |       ||     5
  Eat: Chunk             |     2 |       ||     2
Armor: Skin              |    12 |     4 ||    16
Dodge: Dodged            |    43 |    23 ||    66
